[Event "Titled Tuesday Blitz May 9 Early 2023"]
[White "Iskusnyh, Sergei"]
[Black "Wessendorf, Thomas, Dr."]
[WhiteFideId "4120027"]
[BlackFideId "4604270"]
[WhiteElo "2492"]
[BlackElo "2280"]
[Result "1-0"]
[Round "06"]
[TimeControl "180+2"]
[Date "2023.05.09"]
[WhiteClock "0:00:11"]
[BlackClock "0:00:09"]

1. d4 Nf6 2. c4 e6 3. g3 c5 4. Nf3 cxd4 5. Nxd4 Qc7 6. Nd2 a6 7. Bg2 Nc6 8. N4b3 Be7 9. O-O O-O 10. Nf3 d6 11. Nbd4 Bd7 12. b3 Rfd8 13. Bb2 Ne5 14. Rc1 Rac8 15. Qc2 b5 16. cxb5 Qxc2 17. Rxc2 Rxc2 18. Nxc2 Nxf3+ 19. Bxf3 axb5 20. Nb4 d5 21. Nd3 Ra8 22. a3 Kf8 23. Ne5 Bd6 24. Nxd7+ Nxd7 25. e4 dxe4 26. Bxe4 Rc8 27. Rd1 Ke7 28. Bxg7 Bxa3 29. h4 Nc5 30. Bc2 Bb4 31. h5 Nb7 32. Bxh7 Nd6 33. h6 f6 34. Bg6 Nf7 35. h7 Nh8 36. Bxh8 Rxh8 37. Ra1 Bc5 38. Ra5 f5 39. Rxb5 Bd4 40. Rb7+ Kf6 41. Bh5 Kg5 42. Be2 Kh6 43. Bc4 e5 44. Bg8 e4 45. Kf1 Kg5 46. Ke2 Kf6 47. b4 Ke5 48. Re7+ Kf6 49. Re6+ Kg7 50. b5 Rxg8 51. hxg8=Q+ Kxg8 52. b6 1-0


[Site "https://www.chess.com"]

[Event "Titled Tuesday Blitz May 9 Early 2023"]
[White "Sharma, Dinesh K."]
[Black "Garrido, Denis"]
[WhiteFideId "5004110"]
[BlackFideId "601217"]
[WhiteElo "2334"]
[BlackElo "2249"]
[Result "1-0"]
[Round "06"]
[TimeControl "180+2"]
[Date "2023.05.09"]
[WhiteClock "0:02:30"]
[BlackClock "0:01:36"]

1. e4 e5 2. Nf3 Nc6 3. Bb5 a6 4. Ba4 Nf6 5. O-O b5 6. Bb3 Bc5 7. c3 d6 8. a4 Rb8 9. axb5 axb5 10. h3 O-O 11. d3 Re8 12. Re1 h6 13. Nbd2 Be6 14. Bc2 Qd7 15. Nf1 d5 16. Ng3 Rbd8 17. exd5 Bxd5 18. Qe2 b4 19. Ne4 Nxe4 20. dxe4 Be6 21. Ba4 bxc3 22. bxc3 Ra8 23. Be3 Bxe3 24. Qxe3 Ra6 25. Nxe5 Nxe5 26. Bxd7 Bxd7 1-0


[Site "https://www.chess.com"]

[Event "Titled Tuesday Blitz May 9 Early 2023"]
[White "Thorhallsson, Simon"]
[Black "Clawitter, Craig"]
[WhiteFideId "2310090"]
[BlackFideId "2023105"]
[WhiteElo "2108"]
[BlackElo "2241"]
[Result "1-0"]
[Round "06"]
[TimeControl "180+2"]
[Date "2023.05.09"]
[WhiteClock "0:00:31"]
[BlackClock "0:00:00"]

1. e4 e6 2. d4 d5 3. e5 c5 4. c3 Qb6 5. Nf3 Nc6 6. Bd3 cxd4 7. O-O Bd7 8. Re1 Nge7 9. Nbd2 dxc3 10. bxc3 Ng6 11. Nb3 Be7 12. h4 Nxh4 13. Nxh4 Bxh4 14. Be3 Qd8 15. Bc5 Be7 16. Qg4 O-O 17. Re3 f5 18. exf6 Rxf6 19. Rh3 h6 20. Rg3 Qf8 21. Bxe7 Qxe7 22. Nc5 Ne5 23. Qd4 Raf8 24. Qxe5 Qxc5 25. Rf1 R8f7 26. Bg6 Rf8 27. Bd3 R8f7 28. Kh2 Rxf2 29. Rxf2 Qxf2 30. Bg6 Rf8 31. Qd6 Bc8 32. Qe5 Qf6 33. Qe3 e5 34. Qd3 Be6 35. Kg1 Qf2+ 36. Kh2 Qf4 37. Bh7+ Kh8 38. Qg6 Qh4+ 39. Kg1 1-0


[Site "https://www.chess.com"]

[Event "Titled Tuesday Blitz May 9 Early 2023"]
[White "Nugumanov, Bakhtiyar"]
[Black "Bilan, Danila"]
[WhiteFideId "13701797"]
[BlackFideId "24161918"]
[WhiteElo "2209"]
[BlackElo "2182"]
[Result "0-1"]
[Round "06"]
[TimeControl "180+2"]
[Date "2023.05.09"]
[WhiteClock "0:00:00"]
[BlackClock "0:00:05"]

1. Nf3 d5 2. g3 Nf6 3. Bg2 c5 4. O-O Nc6 5. d4 Bg4 6. c4 e6 7. Nc3 dxc4 8. Qa4 Bxf3 9. Bxf3 cxd4 10. Bxc6+ bxc6 11. Qxc6+ Nd7 12. Nb5 Rc8 13. Qe4 Bc5 14. Rd1 Nf6 15. Qh4 d3 16. exd3 cxd3 17. Bg5 a6 18. Nc3 h6 19. Bxf6 Qxf6 20. Qxf6 gxf6 21. Rxd3 Ke7 22. Rad1 Rc7 23. Ne4 Ba7 24. Rd6 f5 25. Nc3 Rb8 26. Na4 a5 27. b3 Rbb7 28. R6d2 Kf6 29. Kg2 Kg5 30. Re1 Kf6 31. Red1 Rc6 32. Rd6 Rbc7 33. Rxc6 Rxc6 34. Rd2 e5 35. Kf3 Bd4 36. Ke2 Ke6 37. f4 f6 38. Nb2 Rc1 0-1


[Site "https://www.chess.com"]

[Event "Titled Tuesday Blitz May 9 Early 2023"]
[White "Quirke, Jeffrey"]
[Black "Begunov, Konstantin"]
[WhiteFideId "2013029"]
[BlackFideId "4118510"]
[WhiteElo "2210"]
[BlackElo "2050"]
[Result "0-1"]
[Round "06"]
[TimeControl "180+2"]
[Date "2023.05.09"]
[WhiteClock "0:00:00"]
[BlackClock "0:00:05"]

1. e4 c5 2. Nc3 d6 3. f4 g6 4. Nf3 Bg7 5. Bb5+ Bd7 6. a4 a6 7. Bxd7+ Qxd7 8. Nd5 Qd8 9. a5 Nd7 10. d3 e6 11. Ne3 Ne7 12. O-O Nc6 13. f5 Qe7 14. fxe6 fxe6 15. Ng4 h6 16. Qe1 O-O-O 17. c3 Rdf8 18. Bd2 h5 19. Ne3 Nde5 20. Qe2 Nxf3+ 21. Rxf3 Rxf3 22. gxf3 g5 23. Kh1 Rf8 24. Nc4 Ne5 25. Nxe5 Bxe5 26. Rg1 Bf4 27. Bxf4 Rxf4 28. b4 Qf6 29. bxc5 dxc5 30. Qe3 Qxc3 31. Rxg5 Qa1+ 32. Rg1 Qe5 33. Rc1 Kb8 34. Rxc5 Qf6 35. Rxh5 Qa1+ 36. Kg2 Qb2+ 37. Kg3 Rf8 38. Qc5 Qf6 39. Qd6+ Ka8 0-1


[Site "https://www.chess.com"]

[Event "Titled Tuesday Blitz May 9 Early 2023"]
[White "Barria Santos, Jose Guilherme"]
[Black "Sanhueza, Cristian"]
[WhiteFideId "1939300"]
[BlackFideId "116815"]
[WhiteElo "2266"]
[BlackElo "2174"]
[Result "0-1"]
[Round "06"]
[TimeControl "180+2"]
[Date "2023.05.09"]
[WhiteClock "0:02:26"]
[BlackClock "0:02:11"]

1. e4 e5 2. Nf3 Nc6 3. Bb5 a6 4. Ba4 Nf6 5. O-O Be7 6. Re1 b5 7. Bb3 d6 8. d3 Na5 9. h3 O-O 10. Bd2 Nxb3 11. axb3 Bb7 12. Nc3 Re8 13. d4 exd4 14. Nxd4 Bf8 15. f3 d5 16. Bg5 dxe4 17. fxe4 Bc5 18. Bxf6 Qxf6 19. Ne2 Rxe4 20. c3 Qg6 0-1


[Site "https://www.chess.com"]

[Event "Titled Tuesday Blitz May 9 Early 2023"]
[White "koncheto"]
[Black "rionelG"]
[WhiteElo "2457"]
[BlackElo "2203"]
[Result "1-0"]
[Round "06"]
[TimeControl "180+2"]
[Date "2023.05.09"]
[WhiteClock "0:00:11"]
[BlackClock "0:00:00"]

1. e4 c5 2. Nf3 d6 3. d4 cxd4 4. Nxd4 Nf6 5. f3 e5 6. Nb3 d5 7. Bg5 Be6 8. Bxf6 gxf6 9. exd5 Qxd5 10. Qxd5 Bxd5 11. Nc3 Be6 12. O-O-O Nc6 13. Bb5 Rc8 14. Na5 a6 15. Bxc6+ bxc6 16. Ne4 Bb4 17. Nd6+ Ke7 18. Nxc8+ Rxc8 19. Nb3 c5 20. c3 c4 21. Nd2 Bc5 22. Rhe1 a5 23. Ne4 Ba7 24. Kc2 h6 25. Rd2 f5 26. Ng3 f4 27. Ne4 Be3 28. Rdd1 Bf5 29. Rd5 Bxe4+ 30. fxe4 f6 31. Rxa5 Rg8 32. Re2 Kd6 33. b3 cxb3+ 34. axb3 Rc8 35. b4 Bd4 36. Ra3 h5 37. Kd3 Bb6 38. Ra6 Kc7 39. Rea2 Kb7 40. c4 Bg1 41. h3 Rd8+ 42. Kc3 Rd1 43. c5 Bd4+ 44. Kc4 1-0


[Site "https://www.chess.com"]

[Event "Titled Tuesday Blitz May 9 Early 2023"]
[White "Shukhman, Anna"]
[Black "Floresvillar Gonzalez, Luis Migu"]
[WhiteFideId "54180058"]
[BlackFideId "5100542"]
[WhiteElo "2235"]
[BlackElo "2040"]
[Result "1-0"]
[Round "06"]
[TimeControl "180+2"]
[Date "2023.05.09"]
[WhiteClock "0:02:17"]
[BlackClock "0:00:11"]

1. e4 d6 2. d4 Nf6 3. Nc3 g6 4. f4 Bg7 5. Nf3 Bg4 6. h3 Bxf3 7. Qxf3 Nc6 8. Be3 e5 9. dxe5 dxe5 10. Rd1 Qe7 11. Bb5 O-O 12. Bxc6 bxc6 13. O-O Rab8 14. fxe5 Qxe5 15. Bd4 Qh5 16. Bxf6 Bxf6 17. Qxf6 Rxb2 18. Nd5 cxd5 19. Qxb2 dxe4 20. Qf6 Qc5+ 21. Kh1 Qxc2 22. Rd8 Qxa2 23. Rxf8+ Kxf8 24. Qh8+ Ke7 25. Qe5+ Kf8 26. Qxe4 h5 27. Qe5 Kg8 28. Rd1 Kh7 29. Rd8 Qa1+ 30. Qxa1 1-0


[Site "https://www.chess.com"]

[Event "Titled Tuesday Blitz May 9 Early 2023"]
[White "Putri, Regita Desyari"]
[Black "Topalov, Aleksandar"]
[WhiteFideId "7109083"]
[BlackFideId "925659"]
[WhiteElo "1930"]
[BlackElo "2151"]
[Result "0-1"]
[Round "06"]
[TimeControl "180+2"]
[Date "2023.05.09"]
[WhiteClock "0:00:00"]
[BlackClock "0:00:16"]

1. e4 e6 2. d4 d5 3. Nd2 Nf6 4. e5 Ng8 5. Bd3 Ne7 6. Ne2 Qd7 7. O-O b6 8. f4 g6 9. a4 Ba6 10. Nf3 Bxd3 11. Qxd3 h5 12. a5 Nbc6 13. axb6 cxb6 14. c3 Nf5 15. Bd2 Na5 16. b4 Nc4 17. Ra2 a5 18. Rfa1 Be7 19. Be1 Rc8 20. bxa5 bxa5 21. Nc1 Rb8 22. Nd2 Nfe3 23. Ndb3 O-O 24. Bf2 Nf5 25. Nxa5 Nxa5 26. Rxa5 Rb2 27. Ra8 Qb7 28. Rxf8+ Bxf8 29. h3 Rxf2 30. Kxf2 Qb2+ 31. Ne2 Qxa1 32. g4 hxg4 33. hxg4 Nh6 34. Qh3 Qd1 35. Qg3 Qd2 36. Qh3 Qc2 37. Ke1 Qe4 38. Kf2 g5 39. Qh5 gxf4 40. Qg5+ Kh7 0-1


[Site "https://www.chess.com"]

[Event "Titled Tuesday Blitz May 9 Early 2023"]
[White "Tarnowska, Aleksandra"]
[Black "Pasti, Aron"]
[WhiteFideId "1180967"]
[BlackFideId "785857"]
[WhiteElo "1776"]
[BlackElo "2173"]
[Result "1-0"]
[Round "06"]
[TimeControl "180+2"]
[Date "2023.05.09"]
[WhiteClock "0:00:08"]
[BlackClock "0:00:00"]

1. e4 c5 2. Nf3 e6 3. c3 d5 4. exd5 Qxd5 5. d4 Nc6 6. Be3 cxd4 7. cxd4 Bb4+ 8. Nc3 Qa5 9. Qc1 Nf6 10. a3 Be7 11. b4 Qd8 12. Bd3 Ng4 13. O-O Bf6 14. Bb5 O-O 15. Bxc6 bxc6 16. Ne4 Ba6 17. Re1 Rc8 18. Nxf6+ Qxf6 19. Bg5 Qg6 20. Nh4 Qd3 21. h3 Nf6 22. Bxf6 gxf6 23. Qf4 h5 24. Re3 Qh7 25. Rg3+ Qg7 26. Qxf6 Qxg3 27. fxg3 Rcd8 28. Re1 Rd5 29. Re5 Rfd8 30. Nf3 Rxd4 31. Nxd4 1-0


[Site "https://www.chess.com"]

[Event "Titled Tuesday Blitz May 9 Early 2023"]
[White "Parizek, Vojtech"]
[Black "Feinig, Mario"]
[WhiteFideId "360996"]
[BlackFideId "1618113"]
[WhiteElo "2115"]
[BlackElo "2163"]
[Result "0-1"]
[Round "06"]
[TimeControl "180+2"]
[Date "2023.05.09"]
[WhiteClock "0:00:28"]
[BlackClock "0:01:51"]

1. e4 d6 2. d4 Nf6 3. Nc3 e5 4. Nf3 Nbd7 5. g4 Nxg4 6. Rg1 Ngf6 7. Bc4 exd4 8. Qxd4 h6 9. Be3 g6 10. O-O-O Bg7 11. Qd2 Qe7 12. Bd4 Ne5 13. Nxe5 dxe5 14. Bxe5 Be6 15. Bxe6 Qxe6 16. Bxc7 O-O 17. Qe3 Rfc8 18. Bd6 Rxc3 19. Qxc3 Qxa2 20. b3 Nxe4 0-1


[Site "https://www.chess.com"]

[Event "Titled Tuesday Blitz May 9 Early 2023"]
[White "Balla, Tamas-Kristof"]
[Black "petr577"]
[WhiteFideId "1208497"]
[WhiteElo "2334"]
[BlackElo "2194"]
[Result "1-0"]
[Round "06"]
[TimeControl "180+2"]
[Date "2023.05.09"]
[WhiteClock "0:00:15"]
[BlackClock "0:00:00"]

1. e4 e6 2. d4 d5 3. Nd2 Nf6 4. e5 Ng8 5. Bd3 b6 6. f4 Ba6 7. Bxa6 Nxa6 8. Ne2 Qd7 9. O-O c5 10. c3 Nb8 11. f5 exf5 12. Ng3 Ne7 13. dxc5 bxc5 14. Nb3 Qc7 15. Bf4 Qb6 16. Kh1 Nbc6 17. Be3 Ng6 18. Nxf5 Ncxe5 19. Qxd5 Rd8 20. Qe4 f6 21. Rae1 Kf7 22. Nh4 Bd6 23. Nxg6 hxg6 24. Bf4 Ng4 25. Bxd6 Qxd6 26. Rf4 Rxh2+ 27. Kg1 Rdh8 28. Qb7+ Kf8 29. Qa8+ Kf7 30. Qxa7+ Kg8 31. Qa8+ Kh7 32. Qf3 1-0


[Site "https://www.chess.com"]

[Event "Titled Tuesday Blitz May 9 Early 2023"]
[White "Mazurkiewicz, Michal"]
[Black "KSho99"]
[WhiteFideId "1124943"]
[WhiteElo "2054"]
[BlackElo "2158"]
[Result "1-0"]
[Round "06"]
[TimeControl "180+2"]
[Date "2023.05.09"]
[WhiteClock "0:01:43"]
[BlackClock "0:00:26"]

1. e4 e6 2. d3 d5 3. Nd2 Nc6 4. Ngf3 e5 5. g3 Nf6 6. exd5 Nxd5 7. Bg2 Be7 8. O-O O-O 9. Nc4 Bg4 10. h3 Bh5 11. g4 Bg6 12. Nfxe5 Nxe5 13. Nxe5 c6 14. c3 Bd6 15. f4 Qc7 16. d4 f6 17. Nxg6 hxg6 18. Qb3 Kh7 19. Bxd5 cxd5 20. Qxd5 Rad8 21. Qf3 Rfe8 22. Bd2 Qc4 23. b3 Qe2 24. Qxe2 Rxe2 25. Rf2 Rde8 26. Raf1 g5 27. Rxe2 Rxe2 28. Rf2 Rxf2 29. Kxf2 gxf4 30. Kf3 g5 31. Ke4 Kg6 32. c4 Bc7 33. d5 Kf7 34. b4 Ke7 35. Bc3 Be5 36. Be1 b6 37. c5 bxc5 38. bxc5 Kd7 39. Bf2 Bb2 40. c6+ 1-0


[Site "https://www.chess.com"]

[Event "Titled Tuesday Blitz May 9 Early 2023"]
[White "Michelle Catherina, P"]
[Black "Sailer, Mike"]
[WhiteFideId "5005736"]
[BlackFideId "2012901"]
[WhiteElo "2049"]
[BlackElo "2109"]
[Result "1/2-1/2"]
[Round "06"]
[TimeControl "180+2"]
[Date "2023.05.09"]
[WhiteClock "0:00:06"]
[BlackClock "0:00:01"]

1. e4 d5 2. exd5 Qxd5 3. Nc3 Qd6 4. d4 Nf6 5. Bc4 c6 6. Nge2 Bf5 7. Bf4 Qd8 8. Ng3 Bg6 9. h4 h6 10. h5 Bh7 11. Qd2 e6 12. O-O-O Bb4 13. Qe3 Bxc3 14. Qxc3 Nbd7 15. Qd2 Nb6 16. Bb3 Nbd5 17. Be5 a5 18. a4 b5 19. f4 Nb6 20. f5 bxa4 21. Ba2 Bxf5 22. Nxf5 exf5 23. Bxf6 Qxf6 24. Rhe1+ Kf8 25. Re5 Qg5 26. Qxg5 hxg5 27. Rxf5 Rxh5 28. Bxf7 Rh6 29. Bd5+ Rf6 30. Rxf6+ gxf6 31. Bxc6 Rc8 32. d5 a3 33. bxa3 Nc4 34. a4 Ke7 35. Re1+ Ne5 36. Bb5 Rc3 37. Rd1 Kd6 38. Kb2 Rg3 39. Rd2 Rg4 40. Kb3 Rb4+ 41. Ka3 Rxb5 42. axb5 Nc4+ 43. Ka4 Nxd2 44. b6 Ne4 45. Kxa5 Nc5 46. Kb5 Kxd5 47. c4+ Kd6 48. g4 f5 49. gxf5 g4 50. f6 Ne6 51. c5+ Kd7 52. c6+ Kc8 53. b7+ Kc7 54. Ka6 Nd8 55. Ka7 Nxc6+ 56. Ka8 g3 57. f7 g2 58. f8=Q g1=Q 59. Qc8+ Kb6 60. b8=Q+ Nxb8 61. Qxb8+ Ka6 62. Qb7+ Ka5 63. Qa7+ Qxa7+ 64. Kxa7 1/2-1/2


[Site "https://www.chess.com"]

[Event "Titled Tuesday Blitz May 9 Early 2023"]
[White "Llanos, Guillermo"]
[Black "Levine, David"]
[WhiteFideId "100358"]
[BlackFideId "2011611"]
[WhiteElo "2225"]
[BlackElo "2126"]
[Result "1-0"]
[Round "06"]
[TimeControl "180+2"]
[Date "2023.05.09"]
[WhiteClock "0:00:28"]
[BlackClock "0:00:00"]

1. Nf3 d5 2. g3 Nf6 3. Bg2 e6 4. d3 Be7 5. O-O b6 6. c4 Bb7 7. cxd5 exd5 8. d4 O-O 9. Nc3 c5 10. Bg5 Nbd7 11. e3 h6 12. Bxf6 Nxf6 13. Rc1 Re8 14. dxc5 bxc5 15. Qa4 Qb6 16. Qb5 Bc6 17. Qxb6 axb6 18. Rfd1 Red8 19. Ne5 Bb7 20. a3 Bd6 21. Nd3 Bc6 22. Nf4 Bxf4 23. gxf4 Kf8 24. Rd2 Ke7 25. Rcd1 Ke6 26. Nxd5 Bxd5 27. e4 c4 28. exd5+ Kf5 29. Rd4 c3 30. bxc3 Rxa3 31. c4 Rd6 32. Re1 Rc3 33. h3 h5 34. Re7 h4 35. Rxf7 Kg6 36. Re7 Nh5 37. Re5 1-0


[Site "https://www.chess.com"]

[Event "Titled Tuesday Blitz May 9 Early 2023"]
[White "Manon-og, Ramon Jr."]
[Black "Butti, Enrique"]
[WhiteFideId "5200776"]
[BlackFideId "3700470"]
[WhiteElo "2325"]
[BlackElo "2080"]
[Result "0-1"]
[Round "06"]
[TimeControl "180+2"]
[Date "2023.05.09"]
[WhiteClock "0:00:34"]
[BlackClock "0:00:50"]

1. e4 c5 2. Nf3 d6 3. Bb5+ Bd7 4. Bxd7+ Qxd7 5. c4 e5 6. Nc3 Nc6 7. d3 g6 8. O-O Bg7 9. Bg5 f6 10. Be3 Nge7 11. h3 f5 12. Bg5 O-O 13. Qd2 fxe4 14. dxe4 Rxf3 15. gxf3 Nd4 16. Kg2 Rf8 17. f4 h6 18. Bxe7 Qxe7 19. f3 Rxf4 20. Nd5 Qg5+ 21. Kh1 Nxf3 22. Qg2 Qxg2+ 23. Kxg2 Nh4+ 24. Kg3 g5 25. Nxf4 exf4+ 26. Kh2 b6 27. Rab1 Be5 28. b4 Kg7 29. bxc5 dxc5 30. a4 h5 31. a5 g4 32. hxg4 hxg4 33. axb6 axb6 34. Rxb6 f3+ 35. Kh1 g3 36. Rd1 Bd4 37. e5 g2+ 38. Kh2 f2 39. Rbb1 g1=Q+ 40. Rxg1+ fxg1=Q+ 41. Rxg1+ Bxg1+ 42. Kxg1 Nf3+ 43. Kf2 Nxe5 44. Ke3 Kf6 45. Ke4 Ke6 0-1


[Site "https://www.chess.com"]

[Event "Titled Tuesday Blitz May 9 Early 2023"]
[White "Torres Dominguez, David"]
[Black "Todorovic, Bojan"]
[WhiteFideId "2220857"]
[BlackFideId "917087"]
[WhiteElo "1999"]
[BlackElo "2266"]
[Result "0-1"]
[Round "06"]
[TimeControl "180+2"]
[Date "2023.05.09"]
[WhiteClock "0:00:00"]
[BlackClock "0:00:09"]

1. e4 g6 2. Nc3 Bg7 3. d4 d6 4. Bf4 Nc6 5. Bb5 a6 6. Bxc6+ bxc6 7. Qd2 Rb8 8. O-O-O c5 9. Nge2 cxd4 10. Nxd4 Bd7 11. Nb3 a5 12. a4 Nf6 13. Bh6 Bxh6 14. Qxh6 c5 15. e5 dxe5 16. Nb5 Qb6 17. c4 Be6 18. Nd2 e4 19. Qf4 O-O 20. h4 Rfd8 21. h5 Rd4 22. hxg6 fxg6 23. Qe5 Ng4 24. Qg5 Nxf2 25. Qxe7 Nxh1 26. Rxh1 Rd7 27. Qf6 Rf7 28. Qh4 Bf5 29. Nxe4 Bxe4 30. Qxe4 Qf6 31. Qd5 Rd8 32. Qe4 Re7 0-1


[Site "https://www.chess.com"]

[Event "Titled Tuesday Blitz May 9 Early 2023"]
[White "Brueckner, Thomas"]
[Black "Aung Thant Zin"]
[WhiteFideId "4600452"]
[BlackFideId "13000063"]
[WhiteElo "2322"]
[BlackElo "2278"]
[Result "1/2-1/2"]
[Round "06"]
[TimeControl "180+2"]
[Date "2023.05.09"]
[WhiteClock "0:00:50"]
[BlackClock "0:01:00"]

1. Nf3 d5 2. g3 Nf6 3. Bg2 e6 4. c4 Be7 5. O-O O-O 6. b3 c5 7. e3 Nc6 8. cxd5 Nxd5 9. Bb2 Bf6 10. d4 b6 11. e4 Nc7 12. e5 Be7 13. Qc2 Ba6 14. Rd1 Nb4 15. Qe4 Qd5 16. Nc3 Qxe4 17. Nxe4 Be2 18. Rd2 Bxf3 19. Bxf3 cxd4 20. Bxd4 Rad8 21. Rad1 Nbd5 22. Nd6 Bxd6 23. exd6 Rxd6 24. Be5 Rd7 25. Bxc7 Rxc7 26. Bxd5 exd5 27. Rxd5 g6 28. Rd7 Rfc8 29. R1d2 Kg7 30. Kg2 a5 31. h4 Rxd7 32. Rxd7 Rc2 33. Rb7 Rxa2 34. Rxb6 Rb2 35. Rb5 Kf6 36. Rxa5 Rxb3 1/2-1/2


[Site "https://www.chess.com"]

[Event "Titled Tuesday Blitz May 9 Early 2023"]
[White "Szente Varga, Fruzsina"]
[Black "Maluco_do_Natal_00"]
[WhiteFideId "712264"]
[WhiteElo "1994"]
[BlackElo "2027"]
[Result "1-0"]
[Round "06"]
[TimeControl "180+2"]
[Date "2023.05.09"]
[WhiteClock "0:00:10"]
[BlackClock "0:00:00"]

1. e4 c5 2. Nf3 Nc6 3. Bb5 e6 4. O-O Nge7 5. c3 d5 6. exd5 exd5 7. Re1 h6 8. d4 c4 9. Ne5 Be6 10. Bxc6+ bxc6 11. b3 cxb3 12. axb3 Qc8 13. Ba3 Nf5 14. Bxf8 Kxf8 15. Nd2 Nd6 16. Qf3 Kg8 17. c4 h5 18. c5 Nf5 19. Qd3 Rh6 20. Ra6 Ne7 21. Rea1 Rb8 22. Rxa7 Rf6 23. Rxe7 Rb7 24. Nxc6 Qxc6 25. Ra8+ Bc8 26. Qe3 g6 27. Re8+ Kg7 28. Raxc8 Re6 29. Rg8+ Kf6 30. Qf4+ Ke7 31. g3 Rf6 32. Qe5+ Qe6 33. Rge8+ 1-0


[Site "https://www.chess.com"]

[Event "Titled Tuesday Blitz May 9 Early 2023"]
[White "Vaglio Munoz, Jaime"]
[Black "Castillo Pena, Patricia Evarista"]
[WhiteFideId "6500145"]
[BlackFideId "6412106"]
[WhiteElo "2199"]
[BlackElo "1919"]
[Result "1-0"]
[Round "06"]
[TimeControl "180+2"]
[Date "2023.05.09"]
[WhiteClock "0:00:53"]
[BlackClock "0:00:00"]

1. Nf3 d5 2. b3 c5 3. e3 Nf6 4. Ne5 e6 5. Bb2 Bd6 6. f4 O-O 7. Bd3 Nc6 8. O-O Qe7 9. Qe1 Rd8 10. a3 Ne4 11. Bxe4 dxe4 12. Nxc6 bxc6 13. Qg3 f6 14. Nc3 e5 15. f5 Ba6 16. Rf2 c4 17. b4 c5 18. b5 Bb7 19. a4 Rd7 20. a5 Rad8 21. Qg4 Bb8 22. Bc1 Qf7 23. h4 Rd6 24. h5 h6 25. Kh2 R8d7 26. Kh3 Qe8 27. Kh4 Bc7 28. Nxe4 Bxe4 29. Qxe4 Kh7 30. Qxc4 Rd4+ 31. exd4 Rxd4+ 32. Qxd4 exd4 33. d3 Qe5 34. Bf4 Qe7 35. Bxc7 Qxc7 36. b6 Qh2+ 37. Kg4 axb6 38. a6 Qe5 39. a7 Qe3 40. Rf4 Qe2+ 41. Kg3 Qe3+ 42. Rf3 Qg5+ 43. Kh2 Qxh5+ 44. Rh3 Qg5 45. a8=Q Qf4+ 46. Rg3 Qh4+ 47. Rh3 Qf4+ 48. Kh1 Qd2 49. Qe8 1-0


[Site "https://www.chess.com"]

[Event "Titled Tuesday Blitz May 9 Early 2023"]
[White "Zaichenko, Daria"]
[Black "Ismayilova, Khanim"]
[WhiteFideId "4197453"]
[BlackFideId "13429019"]
[WhiteElo "2039"]
[BlackElo "1633"]
[Result "1/2-1/2"]
[Round "06"]
[TimeControl "180+2"]
[Date "2023.05.09"]
[WhiteClock "0:00:28"]
[BlackClock "0:00:08"]

1. e4 c5 2. Nf3 Nc6 3. d4 cxd4 4. Nxd4 Nf6 5. Nc3 e5 6. Ndb5 d6 7. Bg5 a6 8. Na3 b5 9. Nd5 Be7 10. Bxf6 Bxf6 11. c4 b4 12. Nc2 a5 13. Be2 O-O 14. O-O Bg5 15. Nce3 Nd4 16. Bd3 Be6 17. f4 Bxd5 18. Nxd5 Bh6 19. f5 f6 20. Qg4 Rb8 21. b3 Nc6 22. Rf3 Ne7 23. Rh3 Kh8 24. Rf1 Nxd5 25. cxd5 Qb6+ 26. Kh1 Rbc8 27. Bc4 a4 28. Qe2 axb3 29. axb3 Ra8 30. Rxh6 gxh6 31. Qh5 Qe3 32. Rf3 Ra1+ 33. Bf1 Qc1 34. h3 Qd1 35. Qxh6 Rf7 36. Qh5 Rf8 37. Qh6 Rf7 38. Qh5 Rf8 39. Qh6 1/2-1/2


[Site "https://www.chess.com"]

[Event "Titled Tuesday Blitz May 9 Early 2023"]
[White "Vargas, Mauricio"]
[Black "Jiganchine, Roman"]
[WhiteFideId "4404572"]
[BlackFideId "2603667"]
[WhiteElo "1986"]
[BlackElo "2268"]
[Result "0-1"]
[Round "06"]
[TimeControl "180+2"]
[Date "2023.05.09"]
[WhiteClock "0:00:00"]
[BlackClock "0:00:14"]

1. e4 c5 2. Nc3 g6 3. f4 Bg7 4. Nf3 Nc6 5. Bb5 Nd4 6. O-O a6 7. Bd3 e6 8. Nxd4 cxd4 9. Ne2 d5 10. e5 Ne7 11. Kh1 h5 12. Nxd4 h4 13. h3 Qb6 14. Nf3 Bd7 15. c3 Bb5 16. Bxb5+ axb5 17. d4 Nf5 18. a3 Ng3+ 19. Kh2 Nxf1+ 20. Qxf1 b4 21. cxb4 Rc8 22. Be3 Ke7 23. Bf2 Rc2 24. Bxh4+ Kd7 25. Bg5 Rhc8 26. Rb1 Qc6 27. Qd3 Qc4 28. Qxc4 R8xc4 29. Bh4 Re2 30. Be1 Rcc2 31. Nh4 Bf8 32. Bc3 Be7 33. Kg3 Bxh4+ 34. Kxh4 Rxg2 35. Rf1 b5 36. Rf3 Rce2 37. Rf1 Re4 38. Rf3 Rg1 0-1


[Site "https://www.chess.com"]

[Event "Titled Tuesday Blitz May 9 Early 2023"]
[White "Abrosimov, Vladimir"]
[Black "Sanchez, Robert"]
[WhiteFideId "4166892"]
[BlackFideId "2034360"]
[WhiteElo "2336"]
[BlackElo "1864"]
[Result "1-0"]
[Round "06"]
[TimeControl "180+2"]
[Date "2023.05.09"]
[WhiteClock "0:00:19"]
[BlackClock "0:00:00"]

1. c4 e6 2. Nc3 d5 3. cxd5 exd5 4. d4 Nf6 5. Nf3 c6 6. Bg5 Be7 7. e3 a5 8. Bd3 Na6 9. O-O Bg4 10. a3 O-O 11. h3 Bh5 12. Qc2 Bxf3 13. gxf3 h6 14. Bf4 Nh5 15. Be5 Bd6 16. f4 Be7 17. f5 Bd6 18. Kh1 Bxe5 19. dxe5 Qh4 20. Kh2 Rfe8 21. Bxa6 Rxa6 22. e6 fxe6 23. fxe6 Rxe6 24. Rg1 Rf6 25. Rg2 Ra8 26. Rag1 Raf8 27. f4 Rf5 28. Ne2 Qe7 29. Nd4 R5f7 30. Qg6 Qxe3 31. Qxh5 Qxf4+ 32. Kh1 Qxd4 33. Qxh6 Qe5 34. b3 d4 35. Qd2 c5 36. Qd3 Rf3 37. Rxg7+ Qxg7 38. Rxg7+ Kxg7 39. Qb5 d3 40. Qxb7+ R8f7 41. Qd5 Rf1+ 42. Kg2 R1f2+ 43. Kg1 d2 44. Qg5+ Kh7 45. Qh5+ Kg8 46. Qg5+ 1-0


[Site "https://www.chess.com"]

[Event "Titled Tuesday Blitz May 9 Early 2023"]
[White "Tsyhanchuk, Stanislav"]
[Black "Panico, Nick"]
[WhiteFideId "13505130"]
[BlackFideId "2026724"]
[WhiteElo "2173"]
[BlackElo "1982"]
[Result "1-0"]
[Round "06"]
[TimeControl "180+2"]
[Date "2023.05.09"]
[WhiteClock "0:02:11"]
[BlackClock "0:01:19"]

1. c4 f5 2. Nc3 Nf6 3. d4 d6 4. g3 g6 5. Bg2 Bg7 6. e3 O-O 7. Nge2 c6 8. O-O Qe8 9. d5 Bd7 10. b3 Na6 11. Bb2 Nc7 12. Qc2 Rc8 13. Qd2 Ng4 14. Rac1 c5 15. h3 Ne5 16. f4 Nf7 17. e4 a6 18. a4 Rb8 19. exf5 Bxf5 20. Ne4 Bxb2 21. Qxb2 b5 22. cxb5 axb5 23. a5 Nxd5 24. Nxd6 exd6 25. Bxd5 Be4 26. Nc3 Bxd5 27. Nxd5 Nh6 28. Rfe1 Qf7 29. Ne7+ 1-0


[Site "https://www.chess.com"]

[Event "Titled Tuesday Blitz May 9 Early 2023"]
[White "Nastase, Robert-Paul"]
[Black "KorolDimitriy75"]
[WhiteFideId "1221175"]
[WhiteElo "2175"]
[BlackElo "2436"]
[Result "0-1"]
[Round "06"]
[TimeControl "180+2"]
[Date "2023.05.09"]
[WhiteClock "0:00:00"]
[BlackClock "0:00:03"]

1. e4 c5 2. Nc3 g6 3. d4 cxd4 4. Qxd4 Nf6 5. e5 Nc6 6. Qf4 Nh5 7. Qe4 Bg7 8. Nf3 O-O 9. Be3 Qa5 10. g4 d5 11. Qxd5 Qxd5 12. Nxd5 Bxg4 13. Be2 Rfd8 14. O-O-O e6 15. Nc7 Rac8 16. Rxd8+ Rxd8 17. h3 Bf5 18. Nh4 Bxe5 19. Nb5 Nf4 20. Bf3 Nd5 21. Nxf5 exf5 22. Bxa7 Nxa7 23. Nxa7 Nb4 24. Nb5 Nxa2+ 25. Kb1 Nb4 26. c3 Nd3 27. Bxb7 Nxf2 28. Re1 Bf6 29. Bc6 Rd2 30. Nc7 Nd3 0-1


[Site "https://www.chess.com"]